 Dungeon Crawl Stone Soup version 0.23-a0-456-gc514d67198 (webtiles) character file.

173 Hercules1031 the Ducker (level 5, -3/28 HPs)
             Began as a Spriggan Monk on Nov 25, 2018.
             Slain by a phantom (7 damage)
             ... on level 3 of the Dungeon.
             The game lasted 00:07:19 (3696 turns).

Hercules1031 the Ducker (Spriggan Monk)             Turns: 3696, Time: 00:07:20

Health: -3/28      AC:  2    Str:  7    XL:     5   Next: 28%
Magic:  6/6        EV: 22    Int: 11    God:
Gold:   93         SH:  0    Dex: 20    Spells: 4/4 levels left

rFire    . . .     SeeInvis +   a - +0 short sword
rCold    . . .     Gourm    .   (shield restricted)
rNeg     . . .     Faith    .   b - +0 robe
rPois    .         Spirit   .   (helmet restricted)
rElec    .         Reflect  .   (no cloak)
rCorr    .         Harm     .   (gloves unavailable)
MR       .....                  (boots unavailable)
Stlth    +++.......             (no amulet)
HPRegen  0.09/turn              (no ring)
MPRegen  0.10/turn              (no ring)

@: very quick
A: very small, unfitting armour, see invisible, herbivore, speed 3, slow
metabolism 2
a: no special abilities


You were on level 3 of the Dungeon.
You were not hungry.

You visited 1 branch of the dungeon, and saw 3 of its levels.

You collected 93 gold pieces.

Inventory:

Hand Weapons
 a - a +0 short sword (weapon)
Armour
 b - a +0 robe (worn)
Scrolls
 d - 2 scrolls of identify {unknown}
 e - 4 scrolls of enchant armour {unknown}
 g - a scroll of noise {unknown}
 h - 3 scrolls of amnesia {unknown}
 i - 2 scrolls of remove curse {unknown}
 l - a scroll of enchant weapon {unknown}
 m - a scroll of teleportation {unknown}
Potions
 f - a potion of magic {unknown}
 j - a potion of agility
 k - a potion of curing {unknown}
Comestibles
 c - 6 rations


   Skills:
 * Level 3.3 Fighting
 + Level 4.8 Short Blades
 + Level 5.6 Dodging
 + Level 4.1 Stealth


You had 4 spell levels left.
You didn't know any spells.
Your spell library was empty.

Dungeon Overview and Level Annotations

Branches:
Dungeon (3/15)

Altars:
Cheibriados
Elyvilon


Innate Abilities, Weirdness & Mutations

You are very small and have problems with some larger weapons.
You are too small for most types of armour.
You have supernaturally acute eyesight. (SInv)
You are a herbivore.
You cover ground extremely quickly.
You need to consume almost no food.


Message History

The phantom blinks!
You miss the phantom.
The phantom is lightly damaged.
The phantom hits you.
* * * LOW HITPOINT WARNING * * *
You miss the phantom.
The phantom is lightly damaged.
The phantom hits you.
* * * LOW HITPOINT WARNING * * *
The phantom blinks!
The phantom hits you but does no damage.
You hit the phantom but do no damage.
The phantom is lightly damaged.
The phantom barely misses you.
You hit the phantom.
The phantom is moderately damaged.
You hit the phantom but do no damage.
The phantom is moderately damaged.
The phantom hits you!
You die...

###...### ....... ....... (....
#...######## #######
#...#.W@...# #.....#
#...#.####.# #.###.# #.##.## #.#
#. ##.###.# #.....# #.# #[
....##.# ####..# #.# ##.
##..##.#######..# #.#
#########..
#..............###.###..<#....≈≈
##.#####.#####............ #≈≈≈
#.# #..........####...####≈≈.


You could see a phantom.

Vanquished Creatures
  An iguana (D:3)
  A hound skeleton (D:3)
  4 adders
  3 worms
  3 dart slugs (D:3)
  2 leopard geckos
  6 orcs (D:3)
  3 giant cockroaches
  5 goblins
  8 hobgoblins
  15 jackals
  2 quokkas (D:2)
  9 bats
  2 frilled lizards
  6 kobolds
  2 rats
72 creatures vanquished.

Vanquished Creatures (others)
  A hobgoblin (D:2)
  A rat (D:2)
  5 toadstools (D:1)
7 creatures vanquished.

Grand Total: 79 creatures vanquished

Notes
Turn   | Place    | Note
-------+----------+-------------------------------------------
     0 | D:1      | Hercules1031 the Spriggan Monk began the quest for the Orb.
     0 | D:1      | Reached XP level 1. HP: 11/11 MP: 2/2
   233 | D:1      | Reached XP level 2. HP: 13/16 MP: 3/3
  1111 | D:2      | Reached XP level 3. HP: 17/19 MP: 4/4
  1291 | D:2      | Found a white marble altar of Elyvilon.
  1696 | D:2      | Reached skill level 5 in Dodging
  1696 | D:2      | Reached XP level 4. HP: 15/24 MP: 5/5
  2118 | D:3      | Found a snail-covered altar of Cheibriados.
  2852 | D:3      | Reached XP level 5. HP: 7/28 MP: 6/6
  3643 | D:3      | Noticed a phantom
  3696 | D:3      | Slain by a phantom

Vault maps used:
D:1:      ldierk_walled_garden
D:2:      elyvilon_altar_4
D:3:      kennysheep_slug_shrine

Skill      XL: |  1  2  3  4 |
---------------+-------------+-----
Fighting       | 3 |  3.3
Short Blades   | 4 |  4.8
Dodging        | 5 |  5.6
Stealth        | 4 |  4.1

Action                   |  1- 3 |  4- 6 || total
-------------------------+-------+-------++-------
Melee: Short sword       |   141 |   249 ||   390
  Use: Potion            |     1 |     4 ||     5
 Stab: Sleeping          |     7 |     5 ||    12
  Eat: Ration            |       |     2 ||     2
Armor: Robe              |     9 |    10 ||    19
       Skin              |       |     5 ||     5
Dodge: Dodged            |   113 |   230 ||   343

Table legend:
 A = Non-vault XP
 B = Vault XP
 C = Vault XP percentage of total XP
 D = Non-vault monster count
 E = Vault monster count
 F = Vault count percentage of total count
                 A         B        C        D         E       F
            +---------+---------+-------+---------+---------+-------
      Total |     244 |       4 |   1.6 |      71 |       1 |   1.4
            +---------+---------+-------+---------+---------+-------
        D:1 |      15 |       0 |   0.0 |      10 |       0 |   0.0
        D:2 |      83 |       0 |   0.0 |      24 |       0 |   0.0
        D:3 |     146 |       4 |   2.7 |      37 |       1 |   2.6
            +---------+---------+-------+---------+---------+-------
